AoeStats
← 极地沙尘暴

Arabia

507255359Analyzed
1v1 RM · 14d ago on Sep 17, 2026· 39m 34s· 2 players
Game mode
Random Map
Map size
Tiny (2 player)
Population
200
Speed
Normal
Resources
Standard
Victory
Conquest
Starting age
Dark Age
Ending age
Imperial Age
RankedLock teamsTeams togetherTeam positionsShared explorationLock speedFull tech treeHidden civsTurbo modeCheats
Victory
Defeat
🇨🇳 Khitans · China
1474
+11
🇹🇼 Magyars · Taiwan
1363
-11
MAVERICK
6:03 Loom
8:55 Feudal Age
9:31 Double-Bit Axe
20:26 Castle Age
19:35 Bloodlines
19:19 Fletching
20:05 Padded Archer Armor
20:05 Gold Mining
19:55 Horse Collar
21:34 Wheelbarrow
21:49 Wheelbarrow
21:17 Bodkin Arrow
23:48 Husbandry
23:37 Town Watch
24:49 Wheelbarrow
24:00 Town Watch
25:38 Bow Saw
27:24 Ballistics
30:51 Scale Barding Armor
30:50 Scale Mail Armor
31:22 Pikeman
40:10 Imperial Age
极地沙尘暴
5:44 Loom
9:04 Feudal Age
10:48 Double-Bit Axe
13:22 Domestication
21:39 Castle Age
19:50 Gold Mining
20:25 Scale Barding Armor
20:31 Forging
22:24 Husbandry
22:38 Bow Saw
23:02 Chain Barding Armor
26:00 Wheelbarrow
25:50 Pastoralism
30:27 Wheelbarrow
29:38 Elite Skirmisher
30:24 Padded Archer Armor
30:15 Fletching
30:05 Light Cavalry
31:51 Leather Archer Armor
32:58 Ballistics
39:18 Imperial Age
37:42 Iron Casting
37:25 Bodkin Arrow
38:48 Lamellar Armor
40:33 Transhumance
40:28 Conscription
Connection lost

Rejoining the realm…

Still unreachable

The connection could not be restored.

Session expired

The server has moved on; the page needs a fresh start.